[Event "*** Titled Tuesday Blitz"]
[Site "Chess.com"]
[Date "2020.11.10"]
[Round "9"]
[White "PIwan"]
[Black "ErikRonka"]
[Result "1-0"]
[WhiteElo "2539"]
[BlackElo "2393"]
[TimeControl "180+1"]
[EndTime "11:52:56 PST"]
[Termination "PIwan won by resignation"]

1. c4 c6 2. e4 d5 3. exd5 cxd5 4. cxd5 Nf6 5. Nc3 Nxd5 6. Nf3 g6 7. Qb3 Nb6 8. d4 Bg7 9. Bb5+ Bd7 10. O-O O-O 11. Re1 Bxb5 12. Nxb5 Nc6 13. Bg5 a6 14. Nc3 Re8 15.
Rad1 Na5 16. Qb4 Nc6 17. Qa3 Nd5 18. Ne4 Qa5 19. Qb3 Qb5 20. Qc2 Rac8 21. a3 Nxd4 22. Nxd4 Bxd4 23. Qd2 Nf6 24. Qxd4 Nxe4 25. Bh6 Nf6 26.
h3 Qc6 27. Qf4 Qc7 28. Qg5 Rcd8 29. Rc1 Qd6 30. Re5 Rc8 31. Rce1 Nd7 32. Rxe7 Rxe7 33. Qxe7 Qxe7 34. Rxe7 Nc5 35. Kh2 b5 36. Be3 Ne6 37. Ra7 Rc6 38. b3 h5 39. a4 bxa4 40. bxa4 Ng7 41. a5 Nf5 42. Bb6 Rc2 43. Rxa6 h4 44. Ra8+ Kg7 45. a6 g5 46. a7 Nd6 47. Rd8 g4 48.
Rxd6 g3+ 49. fxg3 hxg3+ 50. Kxg3 Ra2 51. Rd8 Ra3+ 52. Kh2 f5 53. a8=Q Rxa8 54. Rxa8 f4 55. Ra3 f3 56. Rxf3 1-0

[Event "*** Titled Tuesday Blitz"]
[Site "Chess.com"]
[Date "2020.11.10"]
[Round "9"]
[White "Brave_spirit12"]
[Black "BJthechessgod"]
[Result "1/2-1/2"]
[WhiteElo "2469"]
[BlackElo "2303"]
[TimeControl "180+1"]
[EndTime "11:52:56 PST"]
[Termination "Game drawn - insufficient material"]

1. e4 c5 2. c3 Nc6 3. d4 cxd4 4. cxd4 d5 5. exd5 Qxd5 6. Nf3 Bg4 7. Be2 e6 8. O-O Nf6 9. Nc3 Qd7 10. Bf4 a6 11.
Ne5 Nxe5 12. dxe5 Bxe2 13. Qxe2 Nd5 14. Nxd5 Qxd5 15. Rfd1 Qb5 16. Qf3 Be7 17. Qg3 Kf8 18. Rac1 Qb6 19. Rd7 Rd8 20. Rxd8+ Qxd8 21. Qf3 Qb8 22.
Rd1 g5 23. Bg3 Qc7 24. h3 Kg7 25. h4 Rd8 26. Re1 Qc2 27. hxg5 Bxg5 28. Qg4 Qg6 29. f4 Be7 30. Qxg6+ Kxg6 31. Re2 Kf5 32. Kf2 Bc5+ 33. Ke1 Rg8 34. Bh2 h5 35. Rc2 b6 36. a3 a5 37. Kf1 h4 38. Rc4 Rd8 39. b4 axb4 40.
axb4 Rd4 41. Rxd4 Bxd4 42. b5 Be3 43. Ke2 Bxf4 44. Bg1 Kxe5 45. Bxb6 Kd5 46. Bf2 e5 47. b6 Kc6 48. Kf3 f5 49. Bxh4 Kxb6 50. Bf6 Bh2 51. g3 e4+ 52. Kg2 Bxg3 53. Kxg3 Kc5 54. Kf4 Kc4 55.
Kxf5 Kd3 56. Bh4 e3 57. Kf4 e2 58. Kf3 e1=B 1/2-1/2

[Event "*** Titled Tuesday Blitz"]
[Site "Chess.com"]
[Date "2020.11.10"]
[Round "9"]
[White "Lion-Al-Messi"]
[Black "Flopezin"]
[Result "1-0"]
[WhiteElo "2548"]
[BlackElo "2399"]
[TimeControl "180+1"]
[EndTime "11:52:57 PST"]
[Termination "Lion-Al-Messi won on time"]

1. e4 e5 2. Nf3 Nc6 3. Bb5 a6 4.
Ba4 Nf6 5. O-O Bc5 6. c3 b5 7. Bb3 d6 8. a4 Bg4 9. axb5 axb5 10. Rxa8 Qxa8 11. h3 Bd7 12. d4 Bb6 13. Na3 h6 14. Nxb5 O-O 15. dxe5 Nxe5 16. Nxe5 Bxb5 17. c4 Qxe4 18. Re1 Qf5 19. Nf3 Bc6 20. Bc2 Qh5 21. Nd4 Qxd1 22. Rxd1 Bd7 23. b4 Re8 24. Be3 Ne4 25.
g4 Nc3 26. Rd3 Bxd4 27. Bxd4 Ne2+ 28. Kf1 Nxd4 29. Rxd4 Rb8 30. c5 Bb5+ 31. Kg2 dxc5 32. bxc5 Re8 33. Kg3 g6 34. h4 Re5 35. Bb3 Rxc5 36.
Rf4 Rc3+ 37. Rf3 Rxf3+ 38. Kxf3 Kf8 39. Ke3 Ke7 40. Kd4 Bd7 41. g5 h5 42. Kc5 Be6 43.
Bc2 Bd7 44. Bb3 Be6 45. Bc2 Bd7 46. f4 Ke6 47. Bb3+ Kf5 48. Bxf7 Kxf4 49. Bxg6 Kg4 50. Bf7 Kf5 51. Bxh5 Ba4 52. Be2 Bc2 53. Kd4 Kf4 54.
Bd3 Bb3 55. g6 Kg4 56. g7 Bg8 57. Bc4 Kxh4 58. Bxg8 Kg5 59. Bc4 Kg6 60. g8=Q+ 1-0

[Event "*** Titled Tuesday Blitz"]
[Site "Chess.com"]
[Date "2020.11.10"]
[Round "9"]
[White "GameOverBro"]
[Black "GMKrikor"]
[Result "0-1"]
[WhiteElo "2519"]
[BlackElo "2781"]
[TimeControl "180+1"]
[EndTime "11:52:58 PST"]
[Termination "GMKrikor won by resignation"]

1. e4 c5 2. Ne2 d6 3. g3 g6 4. Bg2 Bg7 5. c3 Nf6 6. d4 O-O 7. O-O Nc6 8. h3 Qc7 9. Be3 b6 10.
Nd2 Bb7 11. Rc1 a6 12. g4 e5 13. f4 exd4 14. cxd4 Rfe8 15. e5 Nd7 16. Ne4 dxe5 17.
dxe5 Red8 18. Qe1 Nf8 19. g5 Ne6 20. Nf6+ Bxf6 21. gxf6 Nb4 22. Qh4 Bxg2 23. Kxg2 Qc6+ 24. Kh2 Qe4 25. Rc3 Rd3 26. Rxd3 Nxd3 27. Qg3 Kh8 28. Nc3 Qf5 29. Qg4 Rd8 30. Qxf5 gxf5 31. Rd1 b5 32. Ne2 c4 33. Ng3 Rc8 34. b3 cxb3 35. axb3 Ndxf4 36. Bxf4 Nxf4 37. Nxf5 Rc2+ 38. Kg3 Ne2+ 39. Kf3 h6 40.
Rd8+ Kh7 41. Rf8 Kg6 42. Ne7+ Kg5 43. Rxf7 Nd4+ 44. Ke4 Ne6 45. Kd5 Nf4+ 46. Kd6 Rd2+ 47. Kc6 Ne6 48. Nd5 Nd8+ 49. Kc5 Nxf7 50. e6 Rc2+ 51.
Kd4 Nd6 52. f7 Rf2 53. Ke5 Nxf7+ 54. exf7 Rxf7 55. Nb4 Rf3 56. Nxa6 Rxb3 57. Nc5 Rxh3 58. Ne6+ Kg4 59. Ke4 b4 60. Nd4 b3 0-1

[Event "*** Titled Tuesday Blitz"]
[Site "Chess.com"]
[Date "2020.11.10"]
[Round "9"]
[White "Legendinunknown"]
[Black "SanchezKelvin"]
[Result "1/2-1/2"]
[WhiteElo "2688"]
[BlackElo "2456"]
[TimeControl "180+1"]
[EndTime "11:52:58 PST"]
[Termination "Game drawn by repetition"]

1. d4 Nf6 2. c4 c5 3. d5 e6 4. Nc3 exd5 5. cxd5 d6 6. e4 g6 7. Nge2 Bg7 8. Ng3 a6 9. a4 h5 10. Bg5 h4 11. Nge2 h3 12. g3 Bg4 13. Qd3 Nbd7 14.
Bf4 Nh5 15. f3 Nxf4 16. gxf4 Bh5 17. Bxh3 c4 18. Qe3 Nc5 19. O-O-O Qa5 20. e5 O-O 21. Bg4 Bxg4 22. fxg4 b5 23. h4 b4 24. Ne4 Nb3+ 25. Kb1 dxe5 26. fxe5 Bxe5 27. Qg5 Bg7 28. Nf6+ Bxf6 29.
Qxf6 Qd8 30. Qf4 Re8 31. Qxc4 Rc8 32. Qxb3 Rxe2 33. h5 Rcc2 34. Qxc2 Rxc2 35. Kxc2 Qc8+ 36. Kb1 b3 37. Rd2 Qxg4 38. Re1 Qxa4 39. Rde2 Qa2+ 40. Kc1 Qa1+ 41. Kd2 Qxb2+ 42. Kd3 Qa3 43. Kd4 Qb4+ 44. Ke5 Qc3+ 45. Kd6 Qb4+ 46. Kd7 b2 47. d6 b1=Q 48. Rxb1 Qxb1 49. Re8+ Kg7 50. hxg6 Qb5+ 51. Ke7 Qe5+ 52. Kd7 Qb5+ 53. Ke7 fxg6 54. Rc8 Qe5+ 55. Kd7 Kf7 56. Rc7 Qe6+ 57. Kd8+ Kf8 58. d7 Qb6 59. Kc8 Qe6 60. Kd8 Qb6 61. Kc8 Qe6 62. Kd8 1/2-1/2

[Event "*** Titled Tuesday Blitz"]
[Site "Chess.com"]
[Date "2020.11.10"]
[Round "9"]
[White "Chernobay_Artem"]
[Black "Igor_Lysyj"]
[Result "1-0"]
[WhiteElo "2664"]
[BlackElo "2820"]
[TimeControl "180+1"]
[EndTime "11:52:59 PST"]
[Termination "Chernobay_Artem won on time"]

1. d4 d5 2. c4 e6 3. Nc3 dxc4 4.
e4 c5 5. d5 Nf6 6. Bxc4 exd5 7. exd5 a6 8. a4 Bd6 9. Nf3 O-O 10. O-O Bg4 11. Bg5 Re8 12. h3 Bh5 13. g4 Bg6 14.
Nh4 Nbd7 15. Nxg6 hxg6 16. f4 Qb6 17. Qd2 Ne4 18. Nxe4 Rxe4 19. b3 Rae8 20. Rae1 Qc7 21. Rxe4 Rxe4 22. Qd3 Rd4 23. Qe3 Nf6 24. Kg2 Ne4 25.
Bh4 Nd2 26. Qe8+ Kh7 27. Rf2 Nxc4 28. bxc4 Bxf4 29. Bd8 Qc8 30. Qxf7 Be3 31. Bf6 Rxg4+ 32. Kf1 Qh8 33. hxg4 Bxf2 34. Kxf2 Kh6 35. Be7 Qc8 36. g5+ Kh5 37. Qf3+ Kh4 38. Qg3+ Kh5 39. d6 Qe6 40.
Qf3+ Kh4 41. Qe3 Qxc4 42. d7 Qc2+ 43. Ke1 Qb1+ 44. Ke2 Qc2+ 45. Qd2 Qe4+ 46. Kd1 Qb1+ 47. Qc1 Qd3+ 48. Qd2 Qb1+ 49. Ke2 Qe4+ 50. Kf2 Qf5+ 51.
Kg1 Qg4+ 52. Qg2 Qd1+ 53. Kh2 Qxd7 54. Qe4+ Kh5 55. Kg3 1-0

[Event "*** Titled Tuesday Blitz"]
[Site "Chess.com"]
[Date "2020.11.10"]
[Round "9"]
[White "Mazetovic"]
[Black "Meri-Arabidze"]
[Result "1-0"]
[WhiteElo "2757"]
[BlackElo "2618"]
[TimeControl "180+1"]
[EndTime "11:52:59 PST"]
[Termination "Mazetovic won on time"]

1. e4 c5 2. Nf3 e6 3. c4 Nc6 4. Nc3 Nd4 5. Nxd4 cxd4 6. Ne2 e5 7. Ng3 g6 8. Bd3 h5 9. h3 h4 10. Nf1 Bh6 11. Nh2 d6 12. Bc2 Nf6 13. Ba4+ Kf8 14. d3 Bxc1 15. Rxc1 Kg7 16. Qd2 a6 17. Bd1 Be6 18.
O-O Nh5 19. Bxh5 Rxh5 20. f4 exf4 21. Qxf4 b5 22. b3 bxc4 23. bxc4 Qg5 24. Qxg5 Rxg5 25. Nf3 Ra5 26. Rf2 Ra3 27. Rd1 Rb8 28. Nxh4 Rb4 29. Nf3 Rba4 30. Rdd2 Rb4 31. Nxd4 Rb1+ 32. Rf1 Rxf1+ 33.
Kxf1 Bd7 34. Ke2 f5 35. exf5 gxf5 36. Rb2 Kf6 37. Kd2 f4 38. Nb3 Kg5 39. Kc3 Kh4 40.
Rf2 Kg3 41. Rf3+ Kxg2 42. Rxf4 Rxa2 43. Rd4 Bxh3 44. Rxd6 a5 45. Ra6 a4 46. Nc5 a3 47.
Kb3 Rd2 48. Kxa3 Bf5 49. Rd6 Kf3 50. Kb4 Ke3 51. Rd8 Rd1 52. Re8+ Kf4 53. Kc3 Kg5 54.
Kd4 Kf6 55. Rd8 Ke7 56. Rd5 Bg6 57. Re5+ Kd8 58. Ne6+ Kc8 59. Nf4 Bh7 60. c5 1-0

[Event "*** Titled Tuesday Blitz"]
[Site "Chess.com"]
[Date "2020.11.10"]
[Round "9"]
[White "XDPS"]
[Black "MrChampion_Coach"]
[Result "1-0"]
[WhiteElo "2779"]
[BlackElo "2515"]
[TimeControl "180+1"]
[EndTime "11:52:59 PST"]
[Termination "XDPS won by resignation"]

1. d4 Nf6 2. Nf3 e6 3. Bf4 d5 4.
e3 Bd6 5. Nbd2 O-O 6. c3 c5 7. Bd3 Nc6 8. Bg3 Qe7 9. Ne5 Bxe5 10. dxe5 Nd7 11. f4 f5 12. exf6 Nxf6 13. e4 e5 14. O-O Bg4 15. Qa4 c4 16. exd5 cxd3 17. dxc6 e4 18. Rfe1 Be2 19. cxb7 Rab8 20. Bh4 e3 21.
Nb3 Rxb7 22. Nd4 Rxb2 23. Nxe2 dxe2 24. Rxe2 Rxe2 25. Qc4+ Kh8 26. Qxe2 Qc5 27. Bxf6 Rxf6 28. Rd1 Rf8 29. Rd3 Re8 30. g3 h6 31. Kg2 Qc6+ 32.
Kg1 Qe4 33. Rd4 Qb1+ 34. Kg2 Qb7+ 35. Kg1 Qc6 36. c4 Qb7 37. Rd5 Qb1+ 38. Kg2 Qe4+ 39. Kg1 Rb8 40. Rd1 Rc8 41. Qd3 Qf3 42. Rf1 e2 43.
Qxf3 exf1=Q+ 44. Kxf1 Rb8 45. Qd5 Rb2 46. Ke1 Kh7 47. c5 g6 48. c6 Rc2 49. Qd7+ 1-0

[Event "*** Titled Tuesday Blitz"]
[Site "Chess.com"]
[Date "2020.11.10"]
[Round "9"]
[White "tandaleo"]
[Black "zajka-molotok"]
[Result "1-0"]
[WhiteElo "2316"]
[BlackElo "2485"]
[TimeControl "180+1"]
[EndTime "11:53:00 PST"]
[Termination "tandaleo won by checkmate"]

1. d4 Nf6 2. c4 c5 3. d5 d6 4. Nc3 e6 5. e4 g6 6. Be3 Bg7 7. Be2 O-O 8. Nf3 Na6 9. O-O e5 10. a3 Ng4 11. Bg5 f6 12. Bc1 f5 13.
Ng5 Nc7 14. exf5 gxf5 15. Bxg4 fxg4 16. Nge4 Bf5 17. f3 gxf3 18. Qxf3 Bg6 19. Qe2 Rxf1+ 20.
Qxf1 Qd7 21. Bg5 Rf8 22. Qe2 Ne8 23. Rf1 Rxf1+ 24. Qxf1 a6 25. h3 b5 26. cxb5 axb5 27.
Ng3 b4 28. axb4 cxb4 29. Nce4 Qb7 30. Qc4 Bf7 31. Nf5 Bf8 32. Nf6+ Nxf6 33. Bxf6 Qxd5 34. Qg4+ Bg6 35. Be7 Qf7 36. Bxf8 Qxf8 37. Ng3 Qe7 38. Kh2 Kg7 39. Qxb4 Qd7 40. h4 d5 41. h5 Bf7 42.
Qc5 e4 43. Qd4+ Kf8 44. Qf6 Qe6 45. Qh8+ Ke7 46. Qxh7 e3 47. Nf5+ Kd7 48. Nd4 Qe5+ 49. g3 Ke7 50. Nc6+ Kd6 51. Nxe5 e2 52. Nxf7+ Kc5 53.
Qb1 d4 54. Qe1 d3 55. Ne5 Kd4 56. Nxd3 Kxd3 57. b4 Ke3 58. h6 Kf3 59. h7 Ke3 60. h8=Q Kf3 61. Qe5 Kg4 62. Q1xe2# 1-0

[Event "*** Titled Tuesday Blitz"]
[Site "Chess.com"]
[Date "2020.11.10"]
[Round "9"]
[White "FMalexhdez"]
[Black "Lady_Nika"]
[Result "0-1"]
[WhiteElo "2257"]
[BlackElo "2364"]
[TimeControl "180+1"]
[EndTime "11:53:00 PST"]
[Termination "Lady_Nika won on time"]

1. e4 e6 2. d4 d5 3. Nd2 Nf6 4. e5 Nfd7 5. f4 c5 6. Ndf3 Nc6 7. Ne2 cxd4 8. Nexd4 Qb6 9. c3 Bc5 10. Be2 O-O 11. O-O f6 12. exf6 Nxf6 13. Kh1 Bd7 14. Rb1 a5 15. Be3 Ng4 16. Bg1 Rxf4 17. Ng5 Rxf1 18.
Bxf1 Bxd4 19. cxd4 Nf6 20. Bd3 h6 21. Nf3 Rf8 22. Ne5 Be8 23. Qd2 Qd8 24. Rf1 Qe7 25. Be3 Nxe5 26. dxe5 Ng4 27. Bf4 Qh4 28. Bg3 Rxf1+ 29.
Bxf1 Qg5 30. Qxa5 Qf5 31. Qe1 Bc6 32. h3 Ne3 33. Qxe3 Qxf1+ 34. Kh2 d4 35. Qf2 Qd1 36. b3 Qh5 37. Bf4 d3 38. a4 Qf5 39.
Qd2 Qe4 40. a5 g5 41. Bg3 Bd5 42. b4 Qc4 43. Be1 Kg7 44. Qf2 Qf4+ 45. Qxf4 gxf4 46. Bd2 f3 47. gxf3 Bxf3 48. Kg3 Bd5 49. b5 Kg6 50. a6 bxa6 51. bxa6 Kf5 52. Bxh6 Kxe5 53. Bd2 Kf5 54.
Kf2 e5 55. Ke3 e4 56. h4 Ba8 57. Be1 Kg4 58. a7 Bb7 59. Kd2 Kf3 60. Kc3 Ke2 0-1

[Event "*** Titled Tuesday Blitz"]
[Site "Chess.com"]
[Date "2020.11.10"]
[Round "9"]
[White "AlexandraBotez"]
[Black "03revilo"]
[Result "1-0"]
[WhiteElo "2131"]
[BlackElo "2318"]
[TimeControl "180+1"]
[EndTime "11:53:01 PST"]
[Termination "AlexandraBotez won by resignation"]

1. d4 Nf6 2. c4 e6 3. Nf3 b6 4. g3 Ba6 5. b3 Bb4+ 6. Bd2 Be7 7. Bc3 d5 8. Nbd2 Nbd7 9. Bg2 O-O 10. O-O c5 11. Re1 Rc8 12. Rc1 cxd4 13. Bxd4 Ba3 14.
Rc2 Re8 15. e4 e5 16. Ba1 d4 17. Nb1 Bb4 18. Rf1 b5 19. a3 Bf8 20. cxb5 Bxb5 21. Re1 Qb6 22. Rxc8 Rxc8 23. Qd2 Bc6 24. b4 Bxe4 25.
Nxe5 Nxe5 26. Bxd4 Qd8 27. Rxe4 Nxe4 28. Bxe4 Ng6 29. Kg2 Be7 30. Qe3 a6 31. Nd2 Bf6 32. Bc5 Be7 33. Bd4 Bf6 34. Bb6 Qd7 35. Nf3 Qe6 36.
Bb7 Rc3 37. Qxe6 fxe6 38. Bxa6 Rxa3 39. Bc4 Ra1 40. Bxe6+ Kf8 41. Bc5+ Ke8 42. Bd5 Be7 43. Bc6+ Kd8 44. Bb6+ Kc8 45. Be4 Bxb4 46. Be3 Be7 47.
Bf5+ Kd8 48. Bd4 Bf6 49. Bxa1 Bxa1 50. Nd2 Bc3 51. Ne4 Be5 52. Ng5 Nf8 53. Nf7+ Ke7 54. Nxe5 Kf6 55. Bxh7 Kxe5 56. Bd3 Kf6 57. Be2 Nd7 58.
f4 Nf8 59. Bf3 Nd7 60. g4 Nc5 61. Kg3 Nd3 62. h4 Ne1 63. Be4 Ke6 64. Kf2 1-0

[Event "*** Titled Tuesday Blitz"]
[Site "Chess.com"]
[Date "2020.11.10"]
[Round "9"]
[White "natelleka"]
[Black "LittleMyMoomin"]
[Result "1-0"]
[WhiteElo "2132"]
[BlackElo "1833"]
[TimeControl "180+1"]
[EndTime "11:53:04 PST"]
[Termination "natelleka won on time"]

1. e4 c5 2. Nf3 d6 3. d4 cxd4 4.
Nxd4 Nf6 5. Nc3 a6 6. Rg1 h5 7. h3 e5 8. Nb3 b5 9. g4 hxg4 10. hxg4 b4 11. g5 bxc3 12. gxf6 cxb2 13. fxg7 bxa1=Q 14. gxh8=Q Qxa2 15. Rg8 Nd7 16. Qxd6 Qe7 17. Qxe7+ Kxe7 18. Bg5+ Ke8 19. Bh6 Qa3 20. Bxf8 Nxf8 21. Qxe5+ Qe7 22.
Qxe7+ Kxe7 23. Bd3 a5 24. Nd4 Bd7 25. Kd2 a4 26.
Rg1 Ng6 27. Ra1 Ne5 28. f4 Ng6 29. c4 Nxf4 30. c5 Nxd3 31. Kxd3 Ra5 32. Kc4 a3 33. Kd5 Be6+ 34. Nxe6 fxe6+ 35. Kc6 Ra4 36. Kb5 Rxe4 37. c6 Re2 38. Rxa3 Rc2 39. Ra7+ Kd6 40. Rd7+ Ke5 41.
c7 Rb2+ 42. Kc6 Rc2+ 43. Kb6 Rb2+ 44. Ka7 Ra2+ 45. Kb8 Rb2+ 46. Kc8 Rc2 47. Kb7 Rb2+ 48. Kc6 Rc2+ 49. Kb6 Rb2+ 50. Ka7 Ra2+ 51. Kb7 Rb2+ 52. Kc8 Rc2 53. Kd8 Ra2 54. c8=Q 1-0

[Event "*** Titled Tuesday Blitz"]
[Site "Chess.com"]
[Date "2020.11.10"]
[Round "9"]
[White "Quiet_Desperation"]
[Black "Nara_Kh"]
[Result "0-1"]
[WhiteElo "1775"]
[BlackElo "2375"]
[TimeControl "180+1"]
[EndTime "11:53:09 PST"]
[Termination "Nara_Kh won by resignation"]

1. e4 c5 2. Nf3 d6 3. d4 Nf6 4.
Nc3 cxd4 5. Nxd4 a6 6. h3 e5 7. Nde2 h5 8. g3 b5 9. Bg2 Bb7 10. Be3 Be7 11. Nd5 Nxd5 12. exd5 Nd7 13. O-O h4 14. g4 Bg5 15. f4 exf4 16. Bxf4 Bxf4 17.
Rxf4 Ne5 18. Nd4 O-O 19. Qe1 g6 20. Qf2 Kg7 21. Rf1 Qe7 22. Kh1 Rae8 23. g5 Qxg5 24.
Ne6+ Rxe6 25. dxe6 Bxg2+ 26. Qxg2 Qxg2+ 27. Kxg2 f5 28. Rd1 Nc4 29. Rxc4 bxc4 30. Rxd6 Kf6 31. Rxa6 Rb8 32. b3 cxb3 33. cxb3 g5 34. Kf3 Rc8 35. e7+ Kxe7 36. Rg6 Rc3+ 37. Ke2 Rg3 38. b4 Kf7 39. Rc6 Ra3 40. b5 Rxa2+ 41. Kf3 Ra3+ 42. Kg2 Rb3 43. b6 f4 44. Rc7+ Kf6 45. b7 Rb2+ 46.
Kf3 Rb3+ 47. Kg4 Rg3+ 48. Kh5 Rb3 49. Rc6+ Kf5 50. Rc5+ Ke4 51. Rxg5 Rxb7 52. Kxh4 f3 53. Kg4 Rf7 54. Ra5 f2 55. Ra4+ Ke5 56. Ra5+ Ke6 57.
Ra6+ Ke7 58. Ra7+ Kf8 59. Ra1 0-1

[Event "*** Titled Tuesday Blitz"]
[Site "Chess.com"]
[Date "2020.11.10"]
[Round "9"]
[White "VladaSviridova"]
[Black "anon481216"]
[Result "0-1"]
[WhiteElo "2249"]
[BlackElo "2406"]
[TimeControl "180+1"]
[EndTime "11:53:09 PST"]
[Termination "anon481216 won by resignation"]

1. d4 Nf6 2. c4 e6 3. Nf3 d5 4. Nc3 Be7 5. Bf4 O-O 6. e3 b6 7. cxd5 Nxd5 8. Nxd5 Qxd5 9. Bd3 Qa5+ 10. Nd2 Ba6 11. Bxa6 Nxa6 12. O-O c5 13. Qe2 cxd4 14. Nb3 d3 15. Qxd3 Qa4 16. Qd4 Qxd4 17. Nxd4 Rac8 18. a3 f6 19. Nb5 e5 20. Bg3 Rc2 21. Rab1 Nc7 22.
Nc3 Bxa3 23. Na4 Be7 24. Rfc1 Rxc1+ 25. Rxc1 Nb5 26. f3 Kf7 27. Be1 Ke6 28. Kf2 Kd7 29.
Ke2 Rc8 30. Rxc8 Kxc8 31. Bd2 Kd7 32. e4 Kc6 33. Kd3 Nd6 34. Be3 Bd8 35. Nc3 a6 36.
Nd5 b5 37. g4 Nc4 38. Bc1 a5 39. b3 Nb6 40. Nxb6 Bxb6 41. h4 Bc5 42. h5 a4 43.
bxa4 bxa4 44. Kc4 a3 45. Kb3 Kb5 46. h6 g6 47. g5 fxg5 48. Bxg5 a2 49. Kxa2 Kc4 50.
Bf6 Bd4 51. Kb1 Kd3 52. Kc1 Ke3 53. Kd1 Kxf3 54. Ke1 Kxe4 55. Ke2 Be3 56. Bg7 Bf4 57. Kf2 Kf5 58. Kf3 Kg5 59. Ke4 Kh5 60. Kd5 g5 61. Ke4 g4 62. Bf8 Kh4 63. Be7+ Kh3 64. Bf8 g3 65. Kf3 g2 66. Bc5 Bh2 67. Ke4 Bf4 68. Kf5 Bxh6 69. Kxe5 Bf8 70. Bd4 Bg7+ 71. Ke4 Bxd4 72. Kxd4 g1=Q+ 0-1

[Event "*** Titled Tuesday Blitz"]
[Site "Chess.com"]
[Date "2020.11.10"]
[Round "9"]
[White "Guenplen"]
[Black "BAS8892"]
[Result "0-1"]
[WhiteElo "2872"]
[BlackElo "2749"]
[TimeControl "180+1"]
[EndTime "11:53:11 PST"]
[Termination "BAS8892 won on time"]

1. d4 Nf6 2. Bf4 d5 3. e3 e6 4. Nd2 Bd6 5. Bg3 O-O 6. Ngf3 c5 7. c3 Qc7 8. dxc5 Qxc5 9. Rc1 Bxg3 10. hxg3 Nc6 11.
c4 d4 12. exd4 Nxd4 13. Nxd4 Qxd4 14. Qc2 e5 15. Be2 Rd8 16. Nb3 Qb6 17. O-O Be6 18. c5 Qb4 19. Bc4 Bxc4 20. Qxc4 a5 21. a3 Qxc4 22. Rxc4 a4 23. Na1 h5 24. Nc2 Rd2 25. Ne3 Rxb2 26. c6 bxc6 27. Rxc6 Rb3 28. Ra1 Ne4 29. Rc4 Nc3 30. Rc5 Nb5 31. Rxe5 Nxa3 32.
Rxh5 Rb1+ 33. Rxb1 Nxb1 34. Rb5 Nc3 35. Rc5 Ne4 36. Rc4 Nd2 37. Rc2 Nb3 38. Ra2 Nc5 39. Rc2 Ne4 40. Ra2 Kf8 41. g4 Ke7 42. f3 Nc3 43. Ra3 Nb5 44. Ra1 a3 45. Nc2 Kd6 46.
Kh2 Kc5 47. Nxa3 Rxa3 48. Re1 Kd6 49. Kg3 Nd4 50. Re8 Ne6 51. Rb8 g5 52. Rb6+ Ke5 53. Rb2 Rc3 54. Re2+ Kf6 55. Ra2 Nd4 56. Ra6+ Kg7 57.
Ra2 Rc2 58. Rxc2 Nxc2 59. Kf2 Kf6 60. Ke2 Ke5 61. g3 Kd4 62. Kd2 Ne3 63. Ke2 Nd5 64. Kd2 Nc3 65. f4 Ne4+ 66. Ke2 Nxg3+ 67. Kf3 Ne4 68.
fxg5 Ke5 0-1

[Event "*** Titled Tuesday Blitz"]
[Site "Chess.com"]
[Date "2020.11.10"]
[Round "9"]
[White "Fy_Rakotomaharo"]
[Black "Nikithebest"]
[Result "1-0"]
[WhiteElo "2624"]
[BlackElo "2440"]
[TimeControl "180+1"]
[EndTime "11:53:11 PST"]
[Termination "Fy_Rakotomaharo won by resignation"]

1. d4 Nf6 2. Nf3 c5 3. d5 b5 4. g3 Bb7 5. c4 bxc4 6. Nc3 g6 7.
Bg2 Bg7 8. Nd2 O-O 9. Nxc4 e6 10. O-O exd5 11. Nxd5 Nxd5 12. Bxd5 Bxd5 13. Qxd5 Na6 14.
Be3 Qc7 15. Rfd1 Nb4 16. Qxc5 Qxc5 17. Bxc5 Rfb8 18. Rxd7 Rc8 19. Bxb4 Rxc4 20. Bc3 Bxc3 21. bxc3 Rxc3 22. Rb1 a5 23. Rbb7 Rf8 24. Rd2 Ra3 25. Rb3 Ra4 26. a3 Rc8 27. Kg2 h5 28. h4 Rc5 29.
Rd7 Rf5 30. f3 Kg7 31. Rc3 Rf6 32. e4 Kh6 33. Rd5 Rb6 34. Kh3 Rb7 35. Rdc5 Kg7 36.
Rd5 Kg8 37. Kg2 Kg7 38. Kf2 Rb2+ 39. Ke3 Ra2 40. Rdd3 Rb2 41. Kf4 Rb6 42. Rd7 Rf6+ 43. Ke3 Kh6 44. g4 hxg4 45. fxg4 g5 46. h5 Re6 47.
Rd4 Rxd4 48. Kxd4 Rf6 49. Rc5 Rf4 50. Rxa5 Rxg4 51. Rf5 Kg7 52. a4 Rh4 53. Rxg5+ Kf6 54. Rf5+ Ke6 55. a5 Rh1 56. Kc4 f6 57. a6 Ra1 58.
Kb5 Rb1+ 59. Kc6 Ra1 60. Kb6 Rb1+ 61. Rb5 Re1 62. a7 1-0

[Event "*** Titled Tuesday Blitz"]
[Site "Chess.com"]
[Date "2020.11.10"]
[Round "9"]
[White "sara_khm"]
[Black "vladgoncharov"]
[Result "0-1"]
[WhiteElo "2566"]
[BlackElo "2483"]
[TimeControl "180+1"]
[EndTime "11:53:12 PST"]
[Termination "vladgoncharov won by resignation"]

1. d4 Nf6 2. c4 e6 3. Nf3 c5 4.
d5 exd5 5. cxd5 d6 6. Nc3 g6 7.
Nd2 Nbd7 8. e4 Bg7 9. Be2 O-O 10. O-O Re8 11. a4 a6 12. f3 b6 13.
Kh1 Bb7 14. Nc4 Ne5 15. Na3 h5 16. f4 Neg4 17. h3 Nxe4 18. Nxe4 Rxe4 19. Bf3 Ne3 20.
Bxe3 Rxe3 21. Nc4 Re8 22. Qb3 Rb8 23. Qxb6 Qxb6 24. Nxb6 Bc8 25. Nc4 Rd8 26. Rfe1 Rb4 27. Nxd6 Bxh3 28. Ne4 Bf5 29. Nxc5 Rxb2 30. Rad1 Rd6 31.
Re8+ Bf8 32. Ra8 Kg7 33. Nxa6 Be7 34. Nc7 Rd7 35. d6 Bh4 36. Bc6 Bg3 37. Bxd7 Bxd7 38. Ne8+ Kh6 39. Rg1 Rd2 40. Rd8 Bxe8 41. Rxe8 Rxd6 42.
Re4 Ra6 43. Rb1 f5 44. Reb4 h4 45. Kg1 Kh5 46. Rc4 Kg4 47. Rb5 Rd6 48. Rb1 h3 49.
gxh3+ Kxh3 50. a5 Kg4 51. Ra4 Rd2 52. a6 Kh3 53. a7 Rg2+ 54. Kf1 Rf2+ 55. Ke1 Rxf4+ 56.
Ke2 Rxa4 57. Rh1+ Kg4 58. Rh7 f4 59. Kd3 f3 60. Kc3 f2 61. Rf7 Rxa7 0-1

[Event "*** Titled Tuesday Blitz"]
[Site "Chess.com"]
[Date "2020.11.10"]
[Round "9"]
[White "paulrusan"]
[Black "Bastiandash"]
[Result "0-1"]
[WhiteElo "2222"]
[BlackElo "2363"]
[TimeControl "180+1"]
[EndTime "11:53:12 PST"]
[Termination "Bastiandash won on time"]

1. e4 c6 2. d4 d5 3. f3 dxe4 4. fxe4 e5 5. Nf3 exd4 6. Bc4 Be7 7. O-O Nf6 8. e5 Nd5 9. c3 Be6 10. cxd4 O-O 11. Bb3 Bf5 12. Nc3 Na6 13. Nxd5 cxd5 14. Bc2 Bxc2 15. Qxc2 Rc8 16. Qb3 Nb4 17. Bd2 Qb6 18.
Rac1 Nc6 19. Qxb6 axb6 20. Bc3 f6 21. Rce1 Rfe8 22. Re2 fxe5 23. Nxe5 Bf6 24. Rfe1 Bxe5 25. dxe5 d4 26. Bd2 Re6 27. Re4 Rce8 28. Bf4 Kf7 29. b4 b5 30. a3 Ra8 31. Bc1 Ke7 32. Bb2 Rd8 33. Rd1 Rd5 34. Kf2 Rexe5 35. Rxe5+ Rxe5 36. Bxd4 Rf5+ 37. Ke3 g6 38. Bc5+ Ke8 39. g4 Re5+ 40.
Kf4 Re6 41. h4 h6 42. Rd6 Rxd6 43. Bxd6 Kf7 44. Ke4 Ke6 45. Bf8 h5 46. gxh5 gxh5 47. Kf4 Kf6 48. Bc5 Nd8 49. Bd4+ Kg6 50. Ke5 Nc6+ 51.
Kd5 Kf5 52. Bc3 Kg4 53. Kc5 Kxh4 54. Kb6 Kg4 55. Kxb7 Ne7 56. Kb6 Nd5+ 57. Kxb5 Nxc3+ 58. Kc4 h4 59. Kxc3 h3 0-1

[Event "*** Titled Tuesday Blitz"]
[Site "Chess.com"]
[Date "2020.11.10"]
[Round "9"]
[White "akanga001"]
[Black "Chuchofrio1"]
[Result "0-1"]
[WhiteElo "1945"]
[BlackElo "2319"]
[TimeControl "180+1"]
[EndTime "11:53:16 PST"]
[Termination "Chuchofrio1 won on time"]

1. d4 d5 2. c4 e6 3. Nc3 Nf6 4. cxd5 exd5 5. Bg5 Be7 6. e3 c6 7. Bd3 Nbd7 8. Nge2 O-O 9. O-O Re8 10. Qc2 Nf8 11.
Rad1 Be6 12. f3 Rc8 13. e4 N6d7 14. Bf4 Ng6 15. Be3 Ngf8 16. e5 f6 17. f4 c5 18. f5 cxd4 19. Nxd4 fxe5 20. Nxe6 Nxe6 21.
fxe6 Nf6 22. Bb5 Rf8 23. Qb3 d4 24. Bg5 Qb6 25. Na4 Qa5 26. Bd7 Rc7 27. Bxf6 Rxf6 28.
Rxf6 gxf6 29. Qg3+ Kh8 30. b3 b5 31. Nb2 Qxa2 32. Nd3 Qc2 33. Qe1 Qxb3 34. Nf2 Rc2 35. Ne4 Qa2 36. Rd2 b4 37. Rxc2 Qxc2 38. Qd2 Qxd2 39.
Nxd2 f5 40. Nb3 Kg7 41. Kf2 Kf8 42. Ke2 Bd6 43. Kd3 Ke7 44. g3 a5 45. Nxa5 Bc7 46.
Nb3 Bb6 47. Nd2 Kd6 48. Nc4+ Kc7 49. Nxb6 Kxb6 50. e7 Kc7 51. e8=Q Kb6 52. Qb8+ Kc5 53. Qb5+ Kd6 54. Qxb4+ Kd5 55. Qb5+ Kd6 56. Qc6+ Ke7 57. Qe6+ Kd8 58. Bb5 Kc7 59. Qxe5+ Kb6 60. Qd5 Ka5 61. Bc4+ Kb4 62. Qxd4 Ka3 0-1